 Dungeon Crawl Stone Soup version 0.20-a0-947-g2784f4f (webtiles) character file.

411385 AlphabetPasta the Slingshot (level 22, 0/115 HPs)
             Began as a Spriggan Hunter on Mar 31, 2017.
             Was a Priest of Okawaru.
             Killed from afar by a deep elf elementalist (44 damage)
             ... with a fireball
             ... on level 3 of the Elven Halls on Apr 3, 2017.
             The game lasted 08:27:42 (75695 turns).

AlphabetPasta the Slingshot (Spriggan Hunter)      Turns: 75695, Time: 08:27:43

Health: 0/115      AC: 10    Str: 15    XL:     22   Next: 47%
Magic:  50/50      EV: 40    Int: 15    God:    Okawaru [***...]
Gold:   4688       SH: 11    Dex: 22    Spells: 13/50 levels left

rFire    . . .     SeeInvis +   b - +11 hunting sling of Victory {velocity, rPois MP+9}
rCold    . . .     Gourm    .   R - +2 buckler {AC+3}
rNeg     . . .     Faith    .   V - +2 robe {MR+}
rPois    +         Spirit   .   z - +2 hat {MR+}
rElec    .         Reflect  .   Q - +0 cloak
rCorr    .         Harm     .   (gloves unavailable)
MR       +++++                  (boots unavailable)
Stlth    +++++++...             l - amulet "Hyiforim" {Regen+ Str+3 Slay+5}
Regen    0.7/turn               h - +2 ring of dexterity
MPRegen  0.4/turn               i - +5 ring of evasion

@: very quick
A: unfitting armour, see invisible, herbivore 3, speed 3, slow metabolism 2
}: 2/15 runes: decaying, serpentine
a: Heroism, Renounce Religion


You were on level 3 of the Elven Halls.
You worshipped Okawaru.
Okawaru was most pleased with you.
You were very full.

You visited 8 branches of the dungeon, and saw 39 of its levels.
You also visited: Labyrinth, Trove and Ice Cave.

You collected 5405 gold pieces.
You spent 717 gold pieces at shops.

Inventory:

Hand Weapons
 a - the +9 dagger "Akici" {protect, rPois rN+ Str+8 Int-2}
   (You found it on level 6 of the Lair of Beasts)

   It protects the one who uses it against injury (+AC on strike).
   It affects your strength (+8).
   It affects your intelligence (-2).
   It protects you from poison.
   It protects you from negative energy.
 b - the +11 hunting sling of Victory (weapon) {velocity, rPois MP+9}
   (Okawaru gifted it to you on level 13 of the Dungeon)

   Any stone fired from it inflicts extra damage.
   It protects you from poison.
   It affects your magic capacity (+9).
 c - the +6 rapier of Balance {pierce, rElec rPois Str-3 SInv}
   (You bought it in a shop on level 11 of the Dungeon)

   It inflicts extra damage upon your enemies.
   It affects your strength (-3).
   It insulates you from electricity.
   It protects you from poison.
   It lets you see invisible.
Missiles
 d - 241 sling bullets (quivered)
 e - 264 stones
 o - 6 throwing nets
Armour
 z - a +2 hat of magic resistance (worn)
 Q - a +0 cloak (worn)
 R - a +2 buckler of protection (worn)
 V - a +2 robe of magic resistance (worn)
Jewellery
 h - a +2 ring of dexterity (left hand)
 i - a +5 ring of evasion (right hand)
 l - the amulet "Hyiforim" (around neck) {Regen+ Str+3 Slay+5}
   (You found it in a treasure trove)

   [amulet of regeneration]

   It affects your strength (+3).
   It affects your accuracy and damage with ranged weapons and melee attacks
   (+5).
   It increases your rate of regeneration.
 n - an uncursed ring of protection from cold
 r - an uncursed ring of resist corrosion
 Z - an uncursed ring of flight
Wands
 f - a wand of confusion (29/48)
 k - a wand of flame (20/48)
 m - a wand of lightning (8/15)
 p - a wand of scattershot (3/9)
 x - a wand of disintegration (7/24)
 J - a wand of digging (12/24)
 L - a wand of paralysis (15/24)
 N - a wand of iceblast (13/15)
 O - a wand of clouds (1/9)
 X - a wand of confusion (6/48)
Scrolls
 j - 16 scrolls of teleportation
 v - 9 scrolls of identify
 F - a scroll of silence
 G - a scroll of magic mapping
 P - 8 scrolls of enchant armour
 S - 15 scrolls of remove curse
 U - 2 scrolls of fear
 W - 5 scrolls of recharging
 Y - 5 scrolls of blinking
Potions
 s - 2 potions of haste
 t - 2 potions of agility
 u - 6 potions of ambrosia
 w - 9 potions of flight
 A - 4 potions of invisibility
 B - 10 potions of curing
 C - 2 potions of might
 D - 8 potions of resistance
 H - 2 potions of cancellation
 I - 5 potions of brilliance
 K - 3 potions of berserk rage
Miscellaneous
 y - a lightning rod (4/4)
 M - 4 sacks of spiders
 T - a lamp of fire
Comestibles
 q - 19 bread rations


   Skills:
 * Level 12.1 Fighting
 + Level 17.1 Short Blades
 + Level 21.6 Slings
 + Level 6.1 Armour
 + Level 17.3 Dodging
 + Level 18.1 Stealth
 - Level 8.0 Shields
 + Level 14.8 Spellcasting
 * Level 16.9 Hexes
 - Level 1.0 Air Magic
 - Level 7.0 Invocations
 - Level 15.0 Evocations


You had 13 spell levels left.
You knew the following spells:

 Your Spells              Type           Power        Failure   Level  Hunger
a - Cause Fear            Hex            ######....   1%          4    ##.....
b - Ensorcelled Hibernat  Hex/Ice        #####.       1%          2    None
c - Confuse               Hex            ######..     0%          3    None
d - Dazzling Spray        Conj/Hex       #####.       1%          3    None
e - Blink                 Tloc           N/A          12%         2    None
f - Silence               Hex/Air        #####.....   4%          5    ####...
g - Yara's Violent Unrav  Hex/Tmut       #####.....   6%          5    ####...
h - Discord               Hex            ######....   38%         8    #######
i - Metabolic Englaciati  Hex/Ice        #####.....   6%          5    ####...


Dungeon Overview and Level Annotations

Branches:
Dungeon (15/15)            Temple (1/1) D:7            Lair (6/6) D:11
  Swamp (4/4) Lair:2        Snake (4/4) Lair:3        Slime (0/5) Lair:5
    Orc (2/2) D:10            Elf (3/3) Orc:2        Vaults (4/5) D:13
  Crypt (0/3) Vaults:2     Depths (0/5) D:15

Altars:
Ashenzari
Cheibriados
Dithmenos
Elyvilon
Fedhas
Gozag
Hepliaklqana
Kikubaaqudgha
Makhleb
Nemelex Xobeh
Okawaru
Qazlal
Ru
Sif Muna
Trog
Uskayaw
Vehumet
Wu Jian
Xom
Yredelemnul
Zin
The Shining One
Beogh

Shops:
D:9 *   D:11 (   Orc:2 ([%:

Annotations:
D:5 2 runed doors
Elf:2 5 runed doors


Innate Abilities, Weirdness & Mutations

You are very small and have problems with some larger weapons.
You are too small for most types of armour.
You have supernaturally acute eyesight. (SInv)
You are a herbivore.
You cover ground extremely quickly.
You need consume almost no food.


Message History

Press: ? - help, Shift-Dir - straight line, f/p - deep elf elementalist
Aim: a deep elf elementalist, wielding a long sword, wearing a runed leather armour and wearing a faintly humming buckler (heavily wounded, fast, repelling missiles)
You shoot a sling bullet. The sling bullet is repelled.
Firing (i - inventory. (,) - cycle):
d - 243 sling bullets (quivered)
Press: ? - help, Shift-Dir - straight line, f/p - deep elf elementalist
Aim: a deep elf elementalist, wielding a long sword, wearing a runed leather armour and wearing a faintly humming buckler (heavily wounded, fast, repelling missiles)
You shoot a sling bullet. The sling bullet is repelled.
The deep elf elementalist casts a spell at you.
The freezing blast misses you.
Firing (i - inventory. (,) - cycle):
d - 242 sling bullets (quivered)
Press: ? - help, Shift-Dir - straight line, f/p - deep elf elementalist
Aim: a deep elf elementalist, wielding a long sword, wearing a runed leather armour and wearing a faintly humming buckler (heavily wounded, fast, repelling missiles)
You shoot a sling bullet.
The sling bullet hits the deep elf elementalist!!
The deep elf elementalist is severely wounded.
You are engulfed in freezing vapours.
You are engulfed in freezing vapours.
The deep elf elementalist casts a spell at you.
The fireball explodes!
The fireball engulfs you!
You die...

...... ....###########
#####.........### ##
#.............# ...# #
#.............# .....
###............§## ......
##.............§§##......
'.......###....§§§§e(((((
#......##.##....@§##.....
#...(.##..[##..§..# ..#
#.....'...})#)....# #
#..)..##...##.).(.#
#...[..##.##...(..#
#.......###....)..#
##...).)......(..##
.##.............##
.)#....[..).)...#


You could see a deep elf elementalist.

Vanquished Creatures
  The ghost of milky the Hoplite, a veteran BaFi of the Shining One (Vaults:3)
  Jorgrun (Swamp:3)
  3 deep elf blademasters (Elf:3)
  2 deep elf master archers (Elf:3)
  3 sphinxes
  2 thorn hunters
  7 nagarajas
  A frost giant (IceCv)
  A fire giant (Vaults:4)
  5 deep elf sorcerers
  2 orc warlords
  17 vault wardens
  6 deep elf elementalists (Elf:3)
  2 very ugly things
  22 ironheart preservers
  8 stone giants
  14 deep elf annihilators
  5 deep elf demonologists
  3 fire dragons
  An ettin (Vaults:3)
  A minotaur (Lab)
  10 deep elf death magi
  Josephine (D:12)
  7 deep elf high priests
  9 vault guards
  3 great orbs of eyes
  5 yaktaur captains
  Harold (Lair:4)
  19 naga warriors
  4 rakshasas
  2 ice dragons
  22 hydras
  2 ghost crabs
  A peacekeeper (Vaults:1)
  9 centaur warriors
  A catoblepas (Lair:6)
  8 anacondas
  A two-headed ogre (shapeshifter) (D:15)
  16 ogre magi
  A death knight (Vaults:1)
  12 dancing weapons
  4 tengu warriors
  4 alligators
  Urug (Lair:4)
  4 deep troll shamans
  37 two-headed ogres
  2 orc high priests
  A vampire mage (Vaults:2)
  5 death yaks
  2 deep troll earth magi
  A small abomination (Elf:3)
  Nergalle (D:10)
  2 spriggan berserkers
  13 naga sharpshooters
  8 shock serpents
  Sonja (Lair:3)
  15 deep elf knights
  4 salamander mystics
  An unseen horror (shapeshifter) (Vaults:2)
  A shadow wraith (Vaults:3)
  6 sea snakes (Snake:3)
  A flayed ghost (Vaults:4)
  3 glowing orange brains
  13 swamp dragons
  16 deep trolls
  6 unseen horrors
  17 ironbrand convokers
  8 naga ritualists
  Pikel (D:8)
  20 deep elf archers
  A lindwurm (shapeshifter) (D:15)
  A tengu zombie (Vaults:3)
  4 wizards
  A lindwurm (Lair:6)
  5 spriggan druids
  2 necromancers (Vaults:3)
  6 harpies
  7 shambling mangroves
  9 mana vipers
  40 ugly things
  16 orc knights
  3 oklob plants (Lair:6)
  2 manticores
  7 orc sorcerers
  54 deep elf magi
  3 wolf spiders
  20 salamanders
  A salamander (shapeshifter) (Vaults:1)
  5 cyclopes
  A manticore (shapeshifter) (Vaults:3)
  3 elephants (Lair:6)
  A guardian serpent (shapeshifter) (Vaults:2)
  23 black mambas
  18 vault sentinels
  4 gargoyles
  6 guardian serpents
  2 centaur skeletons
  24 naga magi
  15 spiny frogs
  An ice statue (IceCv)
  A spiny frog (shapeshifter) (Vaults:4)
  An efreet (D:14)
  2 yaktaurs (shapeshifter)
  38 yaktaurs
  3 rime drakes
  6 freezing wraiths
  11 komodo dragons
  A tengu conjurer (Swamp:3)
  A troll (shapeshifter) (Elf:3)
  9 trolls
  8 tyrant leeches
  A jumping spider (shapeshifter) (D:15)
  20 polar bears
  2 saltlings (Vaults:1)
  33 hornets
  A raiju (shapeshifter) (Vaults:3)
  20 blink frogs
  A blink frog (shapeshifter) (D:15)
  5 dream sheep (Lair:1)
  33 slime creatures
  A hippogriff (shapeshifter) (Elf:1)
  A fire giant simulacrum (Vaults:3)
  6 hippogriffs
  12 bog bodies
  A meliai zombie (D:15)
  A stone giant simulacrum (Vaults:2)
  2 air elementals
  3 shadows
  3 water elementals
  5 vampires
  2 redbacks (Lab)
  9 spriggans
  A tarantella (shapeshifter) (Vaults:1)
  8 wraiths
  2 wyverns
  53 yaks
  3 hungry ghosts
  3 basilisks
  A fire elemental (Elf:3)
  A steam dragon (D:7)
  A yaktaur simulacrum (Vaults:3)
  11 vampire mosquitoes
  64 nagas
  5 wargs
  7 insubstantial wisps
  2 soldier ants
  12 swamp worms
  A water moccasin (shapeshifter) (Vaults:4)
  5 acid dragons
  4 porcupines
  18 water moccasins
  14 swamp drakes
  64 orc warriors
  6 sky beasts
  A hornet zombie (D:10)
  13 ice beasts
  2 black bears
  A human zombie (Vaults:3)
  A sky beast (shapeshifter) (Vaults:1)
  2 slaves (D:8)
  2 eyes of draining (shapeshifter)
  16 wolves
  9 centaurs
  3 eyes of draining
  46 ogres
  A phantom (D:9)
  9 boggarts
  8 crocodiles
  5 big kobolds
  15 bullfrogs
  2 earth elementals (Elf:1)
  A wyvern zombie (D:9)
  A water moccasin zombie (D:10)
  A wyvern skeleton (D:11)
  A hornet simulacrum (D:14)
  6 scorpions
  A killer bee (D:7)
  4 howler monkeys
  2 electric eels
  6 wights
  9 crimson imps
  4 centaur zombies
  A bullfrog zombie (D:7)
  A quasit (D:12)
  2 human simulacra (Vaults:3)
  3 hounds
  37 orc wizards
  A bullfrog skeleton (D:9)
  A gnoll shaman (D:7)
  16 jellies
  30 orc priests
  Jessica (D:2)
  3 iguanas
  4 worker ants
  A hound zombie (D:11)
  A hound skeleton (D:7)
  A worker ant zombie (D:10)
  12 gnolls
  2 howler monkey skeletons
  14 adders
  4 shadow imps
  An ufetubus (Vaults:3)
  An adder zombie (D:10)
  An adder skeleton (D:7)
  5 worms
  A dart slug (D:2)
  6 leopard geckos
  149 orcs
  10 ball pythons
  3 bats
  2 giant cockroaches (D:1)
  3 goblins
  8 hobgoblins
  6 jackals
  6 quokkas
  5 frilled lizards
  A jackal skeleton (D:3)
  25 kobolds
  A leopard gecko skeleton (D:4)
  A leopard gecko zombie (D:5)
  2 quokka zombies
  6 rats
  2 crawling corpses (Vaults:1)
  A fungus (Elf:1)
  A plant (Lair:6)
1807 creatures vanquished.

Vanquished Creatures (collateral kills)
  2 wolves (Lair:6)
  A fungus (Lair:6)
  A plant (Lair:6)
4 creatures vanquished.

Vanquished Creatures (others)
  A vault warden (Vaults:1)
  2 stone giants
  3 yaktaur captains
  3 naga sharpshooters
  3 deep elf archers
  An orc knight (Vaults:3)
  A cyclops (Vaults:1)
  12 yaktaurs
  A naga (Snake:2)
  An earth elemental (Elf:2)
  An orc priest (Orc:2)
  An orc (Orc:2)
  A crawling corpse (Elf:3)
  3 fungi (Lair:6)
  3 plants
37 creatures vanquished.

Grand Total: 1848 creatures vanquished

Notes
Turn   | Place    | Note
-------+----------+-------------------------------------------
     0 | D:1      | AlphabetPasta the Spriggan Hunter began the quest for the Orb.
     0 | D:1      | Reached XP level 1. HP: 10/10 MP: 2/2
   341 | D:1      | Reached skill level 5 in Slings
   437 | D:1      | Reached XP level 2. HP: 4/14 MP: 3/3
  1066 | D:1      | Reached skill level 1 in Short Blades
  1791 | D:2      | Reached XP level 3. HP: 12/18 MP: 4/4
  2100 | D:2      | Noticed Jessica
  2105 | D:2      | Killed Jessica
  2105 | D:2      | Reached XP level 4. HP: 23/23 MP: 5/5
  2284 | D:2      | Upgraded the game from 0.20-a0-941-gba1b1f9 to 0.20-a0-945-g3bf614a
  3869 | D:4      | Reached XP level 5. HP: 26/26 MP: 6/6
  4055 | D:4      | Reached skill level 6 in Slings
  4305 | D:4      | Found a glowing silver altar of Zin.
  4630 | D:4      | Reached skill level 1 in Evocations
  4630 | D:4      | Reached XP level 6. HP: 14/32 MP: 6/8
  4957 | D:5      | Entered Level 5 of the Dungeon
  5079 | D:5      | Noticed Eustachio
  5080 | D:5      | Noticed Eustachio
  5080 | D:5      | Eustachio changed into Eustachio the iguana
  5096 | D:5      | Killed Eustachio the iguana
  5156 | D:5      | Found a runed door.
  5187 | D:5      | Found a radiant altar of Vehumet.
  5806 | D:5      | Found a runed door.
  5831 | D:5      | Reached skill level 5 in Dodging
  6283 | D:5      | Reached XP level 7. HP: 35/35 MP: 9/9
  6608 | D:6      | Reached skill level 7 in Slings
  6821 | D:6      | Reached skill level 5 in Stealth
  7392 | D:7      | Found a shadowy altar of Dithmenos.
  7606 | D:7      | Reached XP level 8. HP: 34/40 MP: 11/11
  8486 | D:7      | Reached skill level 8 in Slings
  8508 | D:7      | Found a staircase to the Ecumenical Temple.
  8582 | D:7      | Noticed Prince Ribbit
  8596 | Temple   | Entered the Ecumenical Temple
  8627 | Temple   | Became a worshipper of Warmaster Okawaru
  8748 | D:7      | Noticed Prince Ribbit
  8748 | D:7      | Prince Ribbit changed into Prince Ribbit the blink frog
  8764 | D:7      | Killed Prince Ribbit the blink frog
  8764 | D:7      | Reached skill level 1 in Invocations
  9458 | D:7      | Reached * piety under Okawaru
 10207 | D:7      | Reached XP level 9. HP: 34/45 MP: 12/12
 10265 | D:7      | Reached skill level 5 in Short Blades
 10265 | D:7      | Reached skill level 9 in Slings
 10954 | D:7      | Reached ** piety under Okawaru
 11768 | D:8      | Noticed Pikel
 11788 | D:8      | Killed Pikel
 11974 | D:9      | Found a shimmering altar of Xom.
 12098 | D:9      | Reached skill level 10 in Slings
 12515 | D:8      | Reached skill level 1 in Shields
 12631 | D:9      | Found a shimmering altar of Xom.
 12631 | D:9      | Found a shimmering altar of Xom.
 12632 | D:9      | Found a shimmering altar of Xom.
 12632 | D:9      | Found a shimmering altar of Xom.
 12636 | D:9      | Found a shimmering altar of Xom.
 12661 | D:9      | Found a shimmering altar of Xom.
 12779 | D:9      | Noticed a two-headed ogre
 12818 | D:9      | Killed a two-headed ogre
 12818 | D:9      | Reached *** piety under Okawaru
 12818 | D:9      | Reached skill level 5 in Fighting
 12818 | D:9      | Reached XP level 10. HP: 42/51 MP: 13/13
 12912 | D:9      | Found a shattered altar of Ashenzari.
 12913 | D:9      | Found a stormy altar of Qazlal.
 12914 | D:9      | Found a blossoming altar of Fedhas.
 13022 | D:9      | Reached **** piety under Okawaru
 13040 | D:9      | Received a gift from Okawaru
 13319 | D:9      | Reached skill level 11 in Slings
 13347 | D:9      | Found Foyl Ora's Serpentskin Sales.
 13396 | D:9      | Bought 6 curare-tipped needles for 54 gold pieces
 13707 | D:10     | Entered Level 10 of the Dungeon
 13721 | D:10     | Noticed Nergalle
 13752 | D:10     | Killed Nergalle
 13816 | D:10     | Noticed an unseen horror
 13823 | D:10     | Killed an unseen horror
 13931 | D:10     | Reached ***** piety under Okawaru
 13939 | D:10     | Noticed an unseen horror
 14136 | D:10     | Killed an unseen horror
 14136 | D:10     | Reached XP level 11. HP: 45/56 MP: 12/15
 14242 | D:10     | Reached skill level 5 in Invocations
 14458 | D:10     | Got a sparkling golden ring
 14743 | D:10     | Identified the ring "Visesm" {Ice Int+4} (You found it on level 10 of the Dungeon)
 14863 | D:10     | Found a roughly hewn altar of Beogh.
 14863 | D:10     | Found a staircase to the Orcish Mines.
 14863 | D:10     | Noticed an orc knight
 15169 | D:10     | Killed an orc knight
 15169 | D:10     | Received a gift from Okawaru
 15169 | D:10     | Reached skill level 12 in Slings
 15899 | D:11     | Found Goomosh's Antique Weapon Boutique.
 15905 | D:11     | Bought a fine rapier for 288 gold pieces
 15989 | D:11     | Noticed a white ugly thing
 16021 | D:11     | Killed a white ugly thing
 16065 | D:11     | Found a staircase to the Lair.
 16768 | D:9      | Noticed a wolf spider
 17055 | D:11     | Noticed a white ugly thing
 17086 | D:11     | Killed a white ugly thing
 17086 | D:11     | Received a gift from Okawaru
 17367 | D:11     | Reached ****** piety under Okawaru
 17573 | D:11     | Upgraded the game from 0.20-a0-945-g3bf614a to 0.20-a0-947-g2784f4f
 17647 | D:12     | Noticed a red ugly thing
 17692 | D:12     | Killed a red ugly thing
 17692 | D:12     | Reached skill level 13 in Slings
 17771 | D:12     | Received a gift from Okawaru
 17771 | D:12     | Reached XP level 12. HP: 60/62 MP: 15/17
 17920 | D:12     | Learned a level 4 spell: Cause Fear
 18286 | D:12     | Identified the +6 rapier of Balance {pierce, rElec rPois Str-3 SInv} (You bought it in a shop on level 11 of the Dungeon)
 18417 | D:13     | Noticed an eight-headed hydra
 18502 | D:13     | Noticed a centaur warrior
 18502 | D:13     | Noticed a six-headed hydra
 18550 | D:13     | Received a gift from Okawaru
 18550 | D:13     | Reached skill level 1 in Spellcasting
 18735 | D:12     | Killed a centaur warrior
 18735 | D:12     | Reached skill level 10 in Short Blades
 18735 | D:12     | Reached skill level 1 in Hexes
 18770 | D:13     | Killed a six-headed hydra
 18827 | D:13     | Noticed Josephine
 18868 | D:12     | Killed Josephine
 19191 | D:13     | Noticed a rakshasa
 19346 | D:12     | Noticed a two-headed ogre
 19366 | D:12     | Killed a two-headed ogre
 19366 | D:12     | Received a gift from Okawaru
 19456 | D:12     | Reached skill level 5 in Shields
 20066 | D:13     | HP: 1/63 [rakshasa (illusionary)/orb of energy (17)]
 20366 | Lair:1   | Entered Level 1 of the Lair of Beasts
 20998 | Lair:2   | Noticed a seven-headed hydra
 21334 | Lair:2   | Killed a seven-headed hydra
 21334 | Lair:2   | Received a gift from Okawaru
 21395 | Lair:2   | Reached skill level 14 in Slings
 21464 | Lair:2   | Reached XP level 13. HP: 57/67 MP: 14/19
 22056 | Lair:2   | Found a staircase to the Swamp.
 22455 | Lair:3   | Noticed Sonja
 22463 | Lair:3   | Killed Sonja
 22501 | Lair:3   | Found a staircase to the Snake Pit.
 23317 | Lair:4   | Noticed Harold
 23343 | Lair:4   | Killed Harold
 23704 | Lair:4   | Reached skill level 5 in Evocations
 24059 | Lair:4   | Noticed Urug
 24097 | Lair:4   | Killed Urug
 24422 | Lair:5   | Found a staircase to the Slime Pits.
 24542 | Lair:5   | Reached skill level 5 in Spellcasting
 24731 | Lair:5   | Found a labyrinth entrance.
 24749 | Lab      | Entered a labyrinth
 24934 | Lab      | Noticed a minotaur
 24976 | Lab      | Killed a minotaur
 24976 | Lab      | Reached skill level 5 in Hexes
 24982 | Lab      | Got a crystal spear {flame}
 25768 | Lair:6   | Entered Level 6 of the Lair of Beasts
 25928 | Lair:6   | Received a gift from Okawaru
 25929 | Lair:6   | Got a smoking robe {god gift}
 25940 | Lair:6   | Found a frozen archway.
 26067 | Lair:6   | Identified the +1 robe of Anaesthesia {Int+5} (Okawaru gifted it to you on level 6 of the Lair of Beasts)
 26083 | IceCv    | Entered an ice cave
 26963 | IceCv    | Reached skill level 10 in Dodging
 26974 | IceCv    | Reached XP level 14. HP: 47/72 MP: 17/24
 27291 | IceCv    | Reached skill level 10 in Stealth
 27426 | IceCv    | Noticed a frost giant
 27461 | IceCv    | Killed a frost giant
 28357 | Lair:6   | Received a gift from Okawaru
 28360 | Lair:6   | Got a dazzling hunting sling {god gift}
 28361 | Lair:6   | Identified the +3 hunting sling "Hihakuz" {freeze, rF+ MR+} (Okawaru gifted it to you on level 6 of the Lair of Beasts)
 28443 | Lair:6   | Identified the Incunabulum of Companions and Flight
 28491 | Lair:6   | Got a bone dagger
 28492 | Lair:6   | Identified the +9 dagger "Akici" {protect, rPois rN+ Str+8 Int-2} (You found it on level 6 of the Lair of Beasts)
 29310 | Lair:6   | Reached skill level 15 in Slings
 29831 | Lair:6   | Received a gift from Okawaru
 29884 | Lair:6   | Identified the Compendium of Supportive Talismans
 30555 | Orc:1    | Entered Level 1 of the Orcish Mines
 30562 | Orc:1    | Noticed an orc warlord
 30852 | D:10     | Killed an orc warlord
 31851 | Orc:2    | Entered Level 2 of the Orcish Mines
 31875 | Orc:2    | Found a staircase to the Elven Halls.
 31911 | Orc:2    | Found a roughly hewn altar of Beogh.
 32058 | Orc:2    | Found a roughly hewn altar of Beogh.
 32449 | Orc:2    | Found a roughly hewn altar of Beogh.
 32567 | Orc:2    | Found a roughly hewn altar of Beogh.
 32570 | Orc:2    | Found Adocupau's Food Emporium.
 32726 | Orc:2    | Found a roughly hewn altar of Beogh.
 32727 | Orc:2    | Found Ereavvay's Book Emporium.
 32803 | Orc:2    | Bought a book of Maledictions for 375 gold pieces
 32808 | Orc:2    | Learned a level 2 spell: Ensorcelled Hibernation
 32812 | Orc:2    | Learned a level 3 spell: Confuse
 32816 | Orc:2    | Learned a level 3 spell: Dazzling Spray
 32901 | Orc:2    | Noticed an orc warlord
 33172 | Orc:2    | Reached skill level 16 in Slings
 33505 | Orc:2    | Found Ocapaest's Antique Armour Shop.
 33512 | Orc:2    | Found a roughly hewn altar of Beogh.
 33515 | Orc:2    | Found Vehusuuc's Antique Weapon Boutique.
 33599 | Orc:2    | Found a roughly hewn altar of Beogh.
 33873 | Orc:2    | Found a roughly hewn altar of Beogh.
 34276 | Orc:2    | Killed an orc warlord
 34276 | Orc:2    | Reached XP level 15. HP: 66/77 MP: 22/27
 34475 | D:13     | Received a gift from Okawaru
 34490 | D:13     | Got a twisted hunting sling {god gift}
 34491 | D:13     | Identified the +11 hunting sling of Victory {velocity, rPois MP+9} (Okawaru gifted it to you on level 13 of the Dungeon)
 34822 | D:13     | Found a roughly hewn altar of Beogh.
 35279 | D:13     | Found a gate to the Vaults.
 36801 | D:13     | Received a gift from Okawaru
 37131 | D:13     | Reached skill level 17 in Slings
 37514 | D:15     | Entered Level 15 of the Dungeon
 37825 | D:15     | Received a gift from Okawaru
 38146 | D:15     | Found a shadowy altar of Dithmenos.
 38283 | D:15     | Received a gift from Okawaru
 38401 | D:15     | Found a staircase to the Depths.
 38655 | D:15     | Received a gift from Okawaru
 38819 | Swamp:1  | Entered Level 1 of the Swamp
 39269 | Swamp:1  | Received a gift from Okawaru
 39851 | Swamp:2  | Reached XP level 16. HP: 77/83 MP: 29/29
 40010 | Swamp:2  | Received a gift from Okawaru
 41050 | Swamp:2  | Reached skill level 18 in Slings
 41050 | Swamp:2  | Received a gift from Okawaru
 41077 | Swamp:2  | Got a slimy bone amulet
 41078 | Swamp:2  | Identified the amulet "Oxkoyd" {Faith Str+5} (You took it off a spriggan druid on level 2 of the Swamp)
 42134 | Swamp:3  | Noticed a thorn hunter
 42154 | Swamp:3  | Noticed Jorgrun
 42185 | Swamp:2  | Killed a thorn hunter
 42609 | Swamp:3  | Killed Jorgrun
 42609 | Swamp:3  | Received a gift from Okawaru
 43070 | Swamp:3  | Received a gift from Okawaru
 43581 | Swamp:4  | Entered Level 4 of the Swamp
 43610 | Swamp:4  | Noticed a thorn hunter
 43659 | Swamp:4  | Killed a thorn hunter
 44634 | Swamp:3  | Reached skill level 19 in Slings
 44999 | Swamp:4  | Reached skill level 10 in Evocations
 45764 | Swamp:3  | Reached skill level 10 in Spellcasting
 45923 | Swamp:4  | Reached XP level 17. HP: 75/88 MP: 32/32
 46503 | Swamp:4  | Got a decaying rune of Zot
 46679 | Snake:1  | Entered Level 1 of the Snake Pit
 46683 | Snake:1  | Received a gift from Okawaru
 47432 | Snake:2  | Identified 2 scrolls of acquirement
 49851 | Snake:3  | Reached skill level 10 in Hexes
 50056 | Snake:3  | Received a gift from Okawaru
 50060 | Snake:3  | Got a bloodstained rapier {god gift}
 50061 | Snake:3  | Identified the +1 rapier of Pill {flame, rF+ rN+ MR- Int+5} (Okawaru gifted it to you on level 3 of the Snake Pit)
 50259 | Snake:3  | Reached skill level 1 in Armour
 50837 | Snake:4  | Entered Level 4 of the Snake Pit
 51159 | Snake:4  | Learned a level 2 spell: Blink
 51206 | Snake:4  | Received a gift from Okawaru
 51206 | Snake:4  | Reached skill level 20 in Slings
 51747 | Snake:4  | Reached skill level 15 in Short Blades
 51778 | Snake:4  | Reached XP level 18. HP: 82/93 MP: 34/34
 53188 | Snake:4  | Reached skill level 10 in Fighting
 53234 | Snake:3  | Received a gift from Okawaru
 54781 | Snake:3  | Got a sheer robe {god gift}
 54792 | Snake:3  | Identified the +0 robe of Vuizo {rF+ MR+ Int-3 Dex+3} (Okawaru gifted it to you on level 3 of the Snake Pit)
 55345 | Snake:4  | Got a serpentine rune of Zot
 55604 | Vaults:1 | Entered Level 1 of the Vaults
 56168 | Vaults:1 | Found a ruined gateway.
 56684 | Vaults:1 | Received a gift from Okawaru
 56889 | Vaults:1 | Got a brightly glowing hunting sling {god gift}
 56890 | Vaults:1 | Identified the +8 hunting sling "Repesoit" {flame, Int+3 Dex+3} (Okawaru gifted it to you on level 1 of the Vaults)
 57042 | Vaults:1 | Reached XP level 19. HP: 92/99 MP: 31/36
 57348 | Vaults:1 | Reached skill level 15 in Stealth
 57928 | Vaults:1 | Received a gift from Okawaru
 58466 | Vaults:1 | Received a gift from Okawaru
 59539 | Vaults:2 | Reached skill level 15 in Dodging
 59780 | Vaults:2 | Received a gift from Okawaru
 60629 | Vaults:1 | Received a gift from Okawaru
 61266 | Vaults:1 | Received a gift from Okawaru
 61474 | Vaults:2 | Received a gift from Okawaru
 61594 | Vaults:2 | Reached XP level 20. HP: 104/104 MP: 37/37
 61633 | Vaults:2 | Received a gift from Okawaru
 61963 | Vaults:2 | Found a staircase to the Crypt.
 64471 | Vaults:3 | Received a gift from Okawaru
 64583 | Vaults:3 | Noticed milky's ghost (veteran BaFi)
 65014 | Vaults:3 | Got an encrusted hunting sling {god gift}
 65015 | Vaults:3 | Identified the +1 hunting sling "Buroponi" {freeze, Str+4 Dex+6 SInv} (Okawaru gifted it to you on level 3 of the Vaults)
 65085 | Vaults:3 | Reached skill level 5 in Armour
 65915 | Vaults:3 | Killed milky's ghost
 65938 | Vaults:3 | Reached skill level 21 in Slings
 66109 | Vaults:3 | Reached skill level 15 in Hexes
 66220 | Vaults:3 | Received a gift from Okawaru
 66390 | Vaults:3 | Received a gift from Okawaru
 66500 | Vaults:3 | Reached XP level 21. HP: 109/109 MP: 39/39
 66558 | Vaults:3 | Learned a level 5 spell: Silence
 67235 | Vaults:3 | Reached skill level 1 in Air Magic
 67657 | Vaults:3 | Learned a level 5 spell: Yara's Violent Unravelling
 67666 | Vaults:3 | Learned a level 8 spell: Discord
 68964 | Vaults:4 | Received a gift from Okawaru
 70541 | Elf:1    | Entered Level 1 of the Elven Halls
 72007 | Elf:2    | Found an ancient bone altar of Kikubaaqudgha.
 72920 | Elf:2    | Found a portal to a secret trove of treasure.
 73049 | Trove    | Entered a treasure trove
 73065 | Trove    | Got a flickering graven amulet
 73069 | Trove    | Got a warped diamond amulet
 73090 | Trove    | Identified the amulet "Hyiforim" {Regen+ Str+3 Slay+5} (You found it in a treasure trove)
 73091 | Trove    | Identified the amulet of Worpho Suro {rPois rC+ Regen+} (You found it in a treasure trove)
 73406 | Elf:2    | Found a huge runed gate.
 73406 | Elf:2    | Found a huge runed gate.
 73406 | Elf:2    | Found a huge runed gate.
 73406 | Elf:2    | Found a huge runed gate.
 73406 | Elf:2    | Found a huge runed gate.
 73490 | Elf:3    | Entered Level 3 of the Elven Halls
 73850 | Elf:3    | Reached XP level 22. HP: 115/115 MP: 41/41
 74517 | Elf:3    | Reached skill level 15 in Evocations
 74552 | Elf:3    | Got a heavily runed silver ring
 74562 | Elf:3    | Identified the ring "Raleigorr" {*Drain rPois rC+ Dex+3 Stlth+} (You took it off a deep elf blademaster on level 3 of the Elven Halls)
 75187 | Elf:3    | Learned a level 5 spell: Metabolic Englaciation
 75286 | Elf:3    | Identified the Volume of Torrid Boosts
 75295 | Elf:3    | Got a warped fustibalus
 75296 | Elf:3    | Identified the +0 fustibalus of Kurghipt {freeze, +Inv rF+} (You found it on level 3 of the Elven Halls)
 75695 | Elf:3    | Killed from afar by a deep elf elementalist

Vault maps used:
D:1:      dpeg_arrival_rooms_a
D:2:      uniq_jessica
D:3:      minmay_misc_feat_encased, saegor_snake_ambush
D:4:      cheibrodos_thug_alley, kennysheep_little_box
D:5:      lemuel_insect_pit, first_bread, vehumet_altar_wand_db, uniq_eustachio
D:6:      minmay_misc_feat_tiny
D:7:      overflow_temple_1_default, temple_green, serial_glass,
          glass_columns_a, glass_columns_a, glass_columns_a, glass_columns_c,
          glass_columns_a, glass_columns_b, glass_columns_a, glass_columns_a,
          grunt_ogre_cave, hangedman_misty_isle, uniq_prince_ribbit1
D:8:      uniq_pikel
D:9:      xom_shifter_show, grunt_temple_overflow_open, guppyfry_shop_venom
D:10:     minmay_diamond_stairs, david_orc_5, kennysheep_nondescript,
          st_stairs_5, uniq_nergalle
D:11:     lair_entry_dummy, serial_shops, shop_fountains
D:13:     david_vaults_5, special_room, hive_lemuel, uniq_josephine
D:14:     minivault_25
D:15:     gammafunk_enter_depths_forms, grunt_dithmenos_smoke_and_mirrors
Temple:   eino_temple_rhombus
Lair:1:   wad_woods_river_03, grunt_megastairs_4
Lair:2:   minmay_swamp_entry_worms, grunt_megastairs_3
Lair:3:   guppyfry_snake_entry_garden, minivault_24, uniq_sonja
Lair:4:   uniq_urug, uniq_harold
Lair:5:   minmay_slime_entry_jelly_boxes, lab_entry_generic,
          serial_bayou_shore_a
Lair:6:   grunt_lair_end_beastmaster, portal_ice_cave_entry_ice_beasts,
          enter_volcano_2, disabler_island
Swamp:1:  evilmike_swamp_ruin_rubble_1
Swamp:2:  cheibrodos_swamp_heart_of_darkness, serial_swamp_ruin,
          evilmike_swamp_ruin_wall, evilmike_swamp_ruin_house_2,
          infiniplex_staircase_pool
Swamp:3:  hangedman_swamp_ruin_hall, kb_tengu_band, uniq_jorgrun
Swamp:4:  swamp_basic_johnstein
Snake:2:  grunt_megastairs_2
Snake:3:  grunt_ministairs_10, nicolae_snake_springs
Snake:4:  snake_pit
Orc:2:    grunt_orc_community_town_hall, grunt_orc_community_big_house_1,
          grunt_orc_community_big_house_2, grunt_orc_community_house_1,
          grunt_orc_community_house_1, grunt_orc_community_house_1,
          grunt_orc_community_house_1, grunt_orc_community_house_2,
          grunt_orc_community_house_2, basic_altar, nicolae_orc_stony_grotto
Elf:1:    eino_elf_arrival_sip, evilmike_minifort
Elf:2:    basic_altar, nicolae_trove_entry_crystal
Elf:3:    nooodl_elf_gasket
Vaults:1: nicolae_vaults_circle_grid_b, vaults_room_large_hall,
          hangedman_vaults_hat, v_rooms_4, v_misc_12,
          vaults_room_stairs_pillars, nicolae_vaults_rhombus_7,
          nicolae_vaults_minivaults, grunt_vaults_hallway_short,
          grunt_vaults_diagonal, ontoclasm_vaults_ligature, v_misc_32,
          hangedman_vaults_restitches, v_rooms_4, vaults_room_pools,
          portal_desolation_entry_salt
Vaults:2: v_misc_22, v_misc_28, nicolae_vaults_border_crossing,
          minmay_crypt_entry_vampire_xt, nicolae_vaults_ninety_degrees,
          nicolae_vaults_twisting_passages, nicolae_vaults_disjoint_gnomons,
          hangedman_vaults_variations, v_alt_pattern_4,
          ontoclasm_vaults_ring_small
Vaults:3: v_rooms_4, ontoclasm_vaults_eye,
          nicolae_vaults_windows_and_doors_thing, serial_ice_h,
          nicolae_vaults_big_angled_halls, st_octagons_2,
          hangedman_vaults_nodes, v_alt_pattern_2, vaults_room_boxed, v_misc_17,
          nicolae_vaults_circle_grid_b, stair_cage_open, vaults_room_hallway
Vaults:4: nicolae_vaults_alarming, v_pattern_3, ontoclasm_vaults_pinch,
          ontoclasm_vaults_fire_temple, v_rooms_5, v_misc_8, v_misc_15,
          vaults_room_pools, nicolae_vaults_theta, vaults_mumra_lcd
Lab:      labyrinth_spiral, nicolae_lab_t_cross, nicolae_lab_hexagon,
          labyrinth_skeletal_remains, lab_fountain, nicolae_lab_big_swirl,
          nicolae_lab_statue, nicolae_lab_plus
Trove:    trove_simple
IceCv:    ice_cave_caverns_01

Skill      XL: |  1  2  3  4  5  6  7  8  9 10 11 12 13 14 15 16 17 18 19 20 21 22 |
---------------+-------------------------------------------------------------------+-----
Slings         | 5 6 7 8 10 11 13 14 16 17 19 20 21 | 21.6
Stealth        | 2 3 4 5 7 8 9 11 12 13 14 15 16 17 18 | 18.1
Short Blades   | 1 2 3 4 6 7 9 11 12 13 14 15 16 17 | 17.1
Fighting       | 2 3 4 5 6 7 8 9 10 11 12 | 12.1
Dodging        | 4 5 6 7 8 10 11 12 13 14 15 16 17 | 17.3
Evocations     | 1 3 6 7 9 10 11 12 13 14 15 | 15.0
Invocations    | 1 3 4 6 7 |  7.0
Shields        | 2 3 4 5 6 7 8 |  8.0
Spellcasting   | 3 6 7 8 10 11 12 13 14 | 14.8
Hexes          | 3 5 7 8 9 10 12 13 15 16 | 16.9
Armour         | 1 2 3 5 6 |  6.1
Air Magic      | 1 |  1.0

Action                   |  1- 3 |  4- 6 |  7- 9 | 10-12 | 13-15 | 16-18 | 19-21 | 22-24 || total
-------------------------+-------+-------+-------+-------+-------+-------+-------+-------++-------
Melee: Short sword       |    61 |       |       |       |       |       |       |       ||    61
       Dagger            |    26 |    33 |    76 |   584 |  1721 |  1046 |   907 |   150 ||  4543
       Rapier            |       |    94 |   318 |   200 |   480 |    48 |     1 |       ||  1141
 Fire: Hunting sling     |    40 |   177 |   297 |   229 |  1002 |  2006 |  2341 |   347 ||  6439
       Fustibalus        |       |       |       |   487 |   338 |       |       |       ||   825
       Blowgun           |       |       |       |       |    12 |     3 |       |       ||    15
Throw: Tomahawk          |       |       |     4 |    22 |     2 |       |       |       ||    28
       Throwing net      |       |       |       |     1 |       |       |       |       ||     1
       Stone             |       |       |       |       |    15 |     2 |    62 |       ||    79
 Cast: Ensorcelled Hiber |       |       |       |       |     3 |    67 |    40 |       ||   110
       Dazzling Spray    |       |       |       |       |     2 |    31 |   121 |     2 ||   156
       Confuse           |       |       |       |       |       |    43 |   111 |       ||   154
       Cause Fear        |       |       |       |       |       |     2 |       |       ||     2
       Blink             |       |       |       |       |       |       |     3 |       ||     3
Invok: Heroism           |       |       |       |     3 |    12 |    12 |     5 |     1 ||    33
       Finesse           |       |       |       |     2 |     3 |     8 |     2 |       ||    15
Evoke: Wand              |       |     5 |    32 |     4 |    17 |     2 |     2 |     3 ||    65
       Lamp of fire      |       |       |       |       |       |       |     1 |       ||     1
  Use: Scroll            |     5 |     5 |    10 |    13 |    12 |    10 |     6 |     2 ||    63
       Potion            |       |     2 |     3 |     7 |     3 |     5 |     5 |     1 ||    26
 Stab: Sleeping          |     3 |     5 |    13 |    15 |    51 |    40 |    47 |       ||   174
       Confused          |       |       |     3 |       |     7 |    16 |    42 |       ||    68
       Held in net/web   |       |       |       |     1 |       |       |       |       ||     1
       Petrified         |       |       |       |       |     1 |       |       |       ||     1
       Invisible         |       |       |       |       |     1 |    14 |    29 |       ||    44
       Distracted        |       |       |       |       |       |       |     3 |       ||     3
  Eat: Bread ration      |       |     1 |       |       |       |       |     1 |       ||     2
       Royal jelly       |       |       |     2 |     4 |     7 |     2 |     3 |     1 ||    19
       Fruit             |       |       |       |       |     6 |    14 |     8 |     1 ||    29
Armor: Robe              |     6 |    15 |    11 |    21 |    91 |    57 |    48 |     9 ||   258
       Steam dragon scal |       |       |    20 |     3 |       |       |       |       ||    23
Dodge: Dodged            |    55 |   101 |   326 |   463 |  1183 |  1005 |   713 |    89 ||  3935
Block: Buckler           |       |       |       |   180 |   644 |   764 |   556 |    56 ||  2200
       Reflection        |       |       |       |       |     4 |    86 |   125 |       ||   215
